 Dungeon Crawl Stone Soup version 0.17-a0-2171-ga91b4ec (webtiles) character file.

38 Gruud the Insei (level 3, 5/26 HPs)
             Began as a Demonspawn Transmuter on Oct 25, 2015.
             Quit the game on level 2 of the Dungeon.
             The game lasted 00:02:33 (835 turns).

Gruud the Insei (Demonspawn Transmuter)              Turns: 835, Time: 00:02:33

Health: 5/26       AC:  6    Str: 10    XL:     3   Next: 25%
Magic:  6/6        EV: 14    Int: 14    God:
Gold:   28         SH:  0    Dex: 19    Spells: 2 memorised, 3 levels left

rFire  . . .     SeeInvis .       - Unarmed
rCold  + . .     Clarity  .     f - +0 scale mail
rNeg   . . .     SustAt   .     (no shield)
rPois  .         Gourm    .     (no helmet)
rElec  .         Spirit   .     (no cloak)
rCorr  .         Warding  .     (no gloves)
rMut   .         Stasis   .     (no boots)
MR     .....                    (no amulet)
Stlth  ++........               (no ring)
                                (no ring)

@: agile, lethally poisoned (5 -> -2), not resistant to hostile enchantments,
unstealthy
A: cold resistance 1, nightstalker 1, spit poison 1
a: Spit Poison


You were on level 2 of the Dungeon.
You were not hungry.

You visited 1 branch of the dungeon, and saw 2 of its levels.

You collected 28 gold pieces.

Inventory:

Armour
 f - a +0 scale mail (worn)
Scrolls
 e - a scroll of amnesia {unknown}
 g - a scroll of recharging {unknown}
 h - 2 scrolls of identify {unknown}
Potions
 i - a potion of agility
Books
 c - a book of Changes

   Spells                             Type                      Level
   a - Beastly Appendage              Transmutation                1
   b - Sticks to Snakes               Transmutation                2
   c - Spider Form                    Transmutation/Poison         3
   d - Ice Form                       Ice/Transmutation            4
   e - Blade Hands                    Transmutation                5
Comestibles
 a - a chunk of flesh
 d - a bread ration
 j - a beef jerky


   Skills:
 - Level 1.0 Fighting
 * Level 1.8 Armour
 - Level 1.7 Dodging
 * Level 3.3 Unarmed Combat
 - Level 2.0 Spellcasting
 - Level 1.7 Transmutations


You had 3 spell levels left.
You knew the following spells:

 Your Spells              Type           Power        Failure   Level  Hunger
a - Beastly Appendage     Trmt           #.....       83%         1    ##.....
b - Sticks to Snakes      Trmt           #.........   95%         2    ###....


Dungeon Overview and Level Annotations

Branches:
Dungeon (2/15)

Altars:


Innate Abilities, Weirdness & Mutations

You are slightly more attuned to the shadows.
Your flesh is cold resistant.
You can spit weak poison.


Message History

* * * LOW HITPOINT WARNING * * *
You feel sick.
You swing at nothing.
Drink which item? (? for menu, Esc to quit)
It was a potion of agility.
You feel agile all of a sudden.
* * * LOW HITPOINT WARNING * * *
You feel sick.
Drink which item? (? for menu, Esc to quit)
It was a potion of mutation.
You feel extremely strange.
There is a nasty taste in your mouth for a moment.
You feel resistant to cold.
* * * LOW HITPOINT WARNING * * *
You feel sick.
There is a lethal amount of poison in your body!
Quiver which item? (- for none, * to show all) (? for menu, Esc to quit)
Okay, then.
Quiver which item? (- for none, * to show all) (? for menu, Esc to quit)
Okay, then.
Are you sure you want to abandon this character and quit the game? (Confirm with "yes".)

#.#...
##.#.######
#........(.
#..#.#####
#<#..#
#.###.## #.#
##.## #.#
##.####.#.#
##
#..@.......
#.######.#.#
#.# ..# #..
##


There were no monsters in sight!

Vanquished Creatures
  An adder (D:2)
  An ooze (D:1)
  2 giant geckos
  A ball python (D:1)
  A giant cockroach (D:1)
  A goblin (D:1)
  3 hobgoblins (D:1)
  4 bats (D:1)
  A giant newt (D:1)
  6 kobolds (D:1)
  3 rats (D:1)
24 creatures vanquished.

Notes
Turn   | Place    | Note
--------------------------------------------------------------
     0 | D:1      | Gruud the Demonspawn Transmuter began the quest for the Orb.
     0 | D:1      | Reached XP level 1. HP: 15/15 MP: 3/3
   123 | D:1      | Reached skill level 3 in Unarmed Combat
   155 | D:1      | Gained mutation: You are slightly more attuned to the shadows. [demonic ancestry]
   155 | D:1      | Reached XP level 2. HP: 19/21 MP: 5/5
   161 | D:1      | Reached skill level 1 in Armour
   266 | D:1      | Learned a level 2 spell: Sticks to Snakes
   788 | D:2      | Reached XP level 3. HP: 22/26 MP: 6/6
   834 | D:2      | Gained mutation: You can spit weak poison. [potion of mutation]
   834 | D:2      | Gained mutation: Your flesh is cold resistant. [potion of mutation]
   835 | D:2      | Quit the game

Vault maps used:
D:1:      tarquinn_simple_flora_water_e
D:2:      kennysheep_generic_room_2, uniq_terence

Action                   || total
-------------------------++-------
Melee: Unarmed           ||   102
  Use: Potion            ||     2
 Stab: Sleeping          ||     2
